AoeStats
← zYaubolz

Nomad

508553918Analyzed
4v4 RM · 10d ago on Sep 23, 2026· 68m 43s· 8 players
Game mode
Random Map
Map size
231×231
Population
200
Speed
Normal
Resources
Standard
Victory
Conquest
Starting age
Dark Age
Ending age
Imperial Age
RankedLock teamsTeams togetherTeam positionsShared explorationLock speedFull tech treeHidden civsTurbo modeCheats
Victory
Defeat
🇹🇷 Britons · Türkiye
952
+14
900
+16
🇦🇺 Japanese · Australia
882
+16
🇨🇳 Huns · China
871
+17
🇺🇸 Italians · United States
929
-17
🇲🇽 Hindustanis · Mexico
904
-16
🇺🇸 Vietnamese · United States
881
-15
🇺🇸 Portuguese · United States
875
-15
zYaubolz
5:22 Loom
14:26 Feudal Age
16:10 Stone Mining
16:57 Bloodlines
21:07 Castle Age
19:46 Forging
20:50 Wheelbarrow
20:16 Horse Collar
Deivid7201
8:41 Loom
14:02 Feudal Age
17:55 Man-at-Arms
18:46 Double-Bit Axe
21:25 Castle Age
19:21 Gold Mining
21:15 Forging
20:57 Fletching
24:49 Elite Skirmisher
25:34 Husbandry
26:24 Medium Warships
26:54 Crossbowman
28:07 Medium Warships
28:38 Squires
28:30 Long Swordsman
28:33 Pikeman
29:18 Scale Mail Armor
29:36 Bow Saw
31:16 Ballistics
35:19 Gold Shaft Mining
34:34 Stone Mining
36:59 Bloodlines
40:30 Imperial Age
40:55 Murder Holes
42:21 Chemistry
45:36 Iron Casting
45:08 Scale Barding Armor
46:45 Shatagni
47:08 Conscription
48:22 Siege Engineers
48:50 Heavy Camel Rider
56:03 Blast Furnace
55:18 Chain Mail Armor
dajaegbu
5:44 Loom
16:28 Feudal Age
18:20 Wheelbarrow
17:36 Double-Bit Axe
18:21 Horse Collar
22:02 Castle Age
21:23 Scale Barding Armor
22:36 Forging
23:13 Bow Saw
23:19 Bloodlines
25:47 Pikeman
30:55 Husbandry
35:26 Imperial Age
34:07 Iron Casting
35:22 Hand Cart
37:28 Two-Man Saw
36:18 Cavalier
45:36 Elite Organ Gun
50:26 Halberdier
51:18 Scale Mail Armor
55:04 Chain Mail Armor
Peacemaker2000
18:31 Feudal Age
18:58 Man-at-Arms
19:27 Horse Collar
19:34 Double-Bit Axe
20:20 Fishing Lines
22:19 Town Watch
25:33 Castle Age
23:49 Stone Mining
25:38 Pikeman
31:01 Fletching
32:45 Bodkin Arrow
42:57 Gillnets
43:37 Bow Saw
44:04 Gold Mining
44:38 Scale Mail Armor
45:02 Squires
46:07 Chain Mail Armor
51:19 Imperial Age
48:40 Arson
54:35 Two-Man Saw
Juan Carlos Bodoque
4:31 Loom
16:39 Feudal Age
19:59 Fishing Lines
22:23 Double-Bit Axe
22:35 Gold Mining
22:43 Stone Mining
26:10 Castle Age
25:06 Wheelbarrow
25:00 Fletching
28:09 Gillnets
28:33 Medium Warships
29:24 Wheelbarrow
29:37 Fortified Wall
29:42 Clinker Construction
30:43 Bow Saw
32:05 Greek Fire
32:26 Bodkin Arrow
35:22 Hand Cart
36:42 Stone Shaft Mining
36:42 Gold Shaft Mining
36:49 Treadmill Crane
40:51 Ballistics
43:40 Imperial Age
41:48 Forging
41:53 Careening
41:40 Murder Holes
41:51 Siphons
45:24 Chemistry
44:48 Dry Dock
44:50 Carvel Hull
45:55 Conscription
47:13 Heavy Warships
49:35 Shipwright
49:20 Bracer
50:03 Iron Casting
52:08 Hoardings
62:58 Two-Man Saw
63:55 Scale Mail Armor
64:29 Elite Varangian Guard
65:16 Squires
65:02 Arson
65:04 Gambesons
64:43 Pikeman
66:04 Chain Mail Armor
65:45 Halberdier
jd58424
4:33 Loom
16:40 Feudal Age
21:23 Castle Age
20:29 Fishing Lines
20:30 Man-at-Arms
23:32 Crossbowman
24:06 Long Swordsman
24:32 Gambesons
28:42 Gillnets
35:32 Imperial Age
33:53 Fletching
34:03 Padded Archer Armor
34:26 Pikeman
35:06 Squires
37:07 Halberdier
38:05 Yasama
40:38 Forging
40:28 Scale Mail Armor
40:44 Leather Archer Armor
45:48 Light Cavalry
46:39 Bloodlines
50:32 Two-Handed Swordsman
53:55 Iron Casting
53:35 Chain Mail Armor
55:41 Kataparuto
59:28 Elite Skirmisher
FRQ
顺风打工人
5:25 Loom
5:46 Loom
15:05 Feudal Age
15:47 Town Watch
15:50 Double-Bit Axe
15:59 Gold Mining
16:08 Fishing Lines
20:43 Castle Age
20:01 Bloodlines
20:03 Forging
20:21 Scale Barding Armor
20:52 Stone Mining
21:22 Light Cavalry
22:09 Gillnets
23:42 Gold Shaft Mining
23:25 Careening
26:10 Wheelbarrow
25:49 Medium Warships
30:26 Bow Saw
31:10 Hand Cart
36:30 Imperial Age
34:18 Clinker Construction
34:29 Ballistics
34:05 Murder Holes
35:52 Iron Casting
35:17 Scale Mail Armor
34:41 Pikeman
36:15 Fletching
40:14 Two-Man Saw
39:38 Dry Dock
41:05 Heavy Warships
41:07 Conscription
40:55 Squires
43:36 Fervor
43:02 Halberdier
45:28 Guilds
46:22 Blast Furnace
45:43 Chain Barding Armor
48:37 Carvel Hull
48:55 Plate Barding Armor
47:44 Elite Tarkan
50:26 Atheism
50:05 Bodkin Arrow
50:10 Padded Archer Armor
50:26 Chain Mail Armor
50:51 Masonry
50:38 Cavalier
51:18 Husbandry
52:02 Paladin
55:45 Chemistry
55:43 Bracer
55:59 Leather Archer Armor
57:06 Parthian Tactics
56:02 Heavy Cavalry Archer
57:29 Thumb Ring
63:59 Illumination
63:54 Sanctity
63:52 Horse Collar
65:37 Heavy Plow
Connection lost

Rejoining the realm…

Still unreachable

The connection could not be restored.

Session expired

The server has moved on; the page needs a fresh start.